 Dungeon Crawl Stone Soup version 0.23-a0-241-g3b46b07 (webtiles) character file.

31 MisterFreud the Poker (level 3, -1/31 HPs)
             Began as a Minotaur Fighter on Sept 26, 2018.
             Slain by Sigmund
             ... wielding a +0 scythe
              (8 damage)
             ... on level 2 of the Dungeon.
             The game lasted 00:00:55 (777 turns).

MisterFreud the Poker (Minotaur Fighter)             Turns: 777, Time: 00:00:55

Health: -1/31      AC:  6    Str: 21    XL:     3   Next: 7%
Magic:  2/2        EV:  7    Int:  5    God:
Gold:   14         SH:  9    Dex:  9    Spells: 2/2 levels left

rFire    . . .     SeeInvis .   a - +0 trident
rCold    . . .     Gourm    .   c - +0 shield
rNeg     . . .     Faith    .   b - +0 scale mail
rPois    .         Spirit   .   (helmet restricted)
rElec    .         Reflect  .   (no cloak)
rCorr    .         Harm     .   (no gloves)
MR       .....                  (no boots)
Stlth    ..........             (no amulet)
HPRegen  0.10/turn              (no ring)
MPRegen  0.08/turn              (no ring)

@: no status effects
A: retaliatory headbutt, horns 2
a: no special abilities


You were on level 2 of the Dungeon.
You were not hungry.

You visited 1 branch of the dungeon, and saw 2 of its levels.

You collected 14 gold pieces.

Inventory:

Hand Weapons
 a - a +0 trident (weapon)
Armour
 b - a +0 scale mail (worn)
 c - a +0 shield (worn)
Scrolls
 e - a scroll of fear {unknown}
 g - a scroll of teleportation {unknown}
 h - a scroll of remove curse {unknown}
Potions
 d - a potion of might
 i - a potion of degeneration {unknown}
 j - a potion of invisibility {unknown}
Comestibles
 f - 8 rations


   Skills:
 - Level 3.6 Fighting
 + Level 4.3 Polearms
 - Level 3.6 Armour
 - Level 3.6 Shields


You had 2 spell levels left.
You didn't know any spells.
Your spell library was empty.

Dungeon Overview and Level Annotations

Branches:
Dungeon (2/15)

Altars:

Annotations:
D:2 Sigmund


Innate Abilities, Weirdness & Mutations

You reflexively headbutt those who attack you in melee.
You have a pair of horns on your head.


Message History

No target in view!
You hear some strange, mumbled words.
You are confused.
You see here a club.
Something hits you but does no damage.
You bump into the rock wall.
You bump into the rock wall.
Something hits you. Something hits you!
You bump into the rock wall.
You barely miss something. Something hits you!
You completely miss something.
You feel less confused.
You hear some strange, mumbled words.
A puff of flame appears from out of thin air!
The puff of flame hits you!
* * * LOW HITPOINT WARNING * * *
You hit something. Your headbutt misses something.
Something hits you but does no damage.
You closely miss something. Something hits you!
You die...

### ### ... ..#
#.######..# #.#
#.........### #.#
#...........# #.#
#{......#.#.####.#
#@##.#...........#
#.##.#............
#)##.#............
#.##.#>..(........
#....#.#########..
#.###...###.......
#.# #........###.#
#.# #....##..#....
#.. .....##..#....


There were no monsters in sight!

Vanquished Creatures
  A worm (D:2)
  A dart slug (D:1)
  A leopard gecko (D:1)
  2 giant cockroaches (D:1)
  4 goblins (D:1)
  4 hobgoblins
  3 jackals (D:1)
  3 frilled lizards (D:1)
  A kobold (D:1)
  3 rats
23 creatures vanquished.

Notes
Turn   | Place    | Note
-------+----------+-------------------------------------------
     0 | D:1      | MisterFreud the Minotaur Fighter began the quest for the
                  | Orb.
     0 | D:1      | Reached XP level 1. HP: 19/19 MP: 0/0
    71 | D:1      | Reached skill level 3 in Polearms
   284 | D:1      | Reached XP level 2. HP: 26/26 MP: 1/1
   597 | D:1      | Reached skill level 4 in Polearms
   707 | D:2      | Reached XP level 3. HP: 25/31 MP: 2/2
   763 | D:2      | Noticed Sigmund
   777 | D:2      | Slain by Sigmund

Vault maps used:
D:1:      dpeg_arrival_boxorama
D:2:      first_ration, uniq_natasha, uniq_sigmund

Skill      XL: |  1  2 |
---------------+-------+-----
Polearms       | 3 4 |  4.3
Fighting       | |  3.6
Armour         | |  3.6
Shields        | |  3.6

Action                   || total
-------------------------++-------
Melee: Trident           ||    69
       Headbutt          ||     9
Armor: Scale mail        ||    17
Dodge: Dodged            ||     9
Block: Shield            ||    27

Table legend:
 A = Non-vault XP
 B = Vault XP
 C = Vault XP percentage of total XP
 D = Non-vault monster count
 E = Vault monster count
 F = Vault count percentage of total count
                 A         B        C        D         E       F
            +---------+---------+-------+---------+---------+-------
      Total |      45 |       0 |   0.0 |      23 |       0 |   0.0
            +---------+---------+-------+---------+---------+-------
        D:1 |      36 |       0 |   0.0 |      19 |       0 |   0.0
        D:2 |       9 |       0 |   0.0 |       4 |       0 |   0.0
            +---------+---------+-------+---------+---------+-------
